 Dungeon Crawl Stone Soup version 0.25-a0-253-g6f1b5d974a (webtiles) character file.

Game seed: 9906313102277307570, levelgen mode: deterministic

8483 RedPan the Severer (level 11, -9/101 HPs)
             Began as a Hill Orc Monk on Dec 5, 2019.
             Mangled by Snorg (18 damage)
             ... on level 10 of the Dungeon.
             The game lasted 00:27:53 (13904 turns).

RedPan the Severer (Hill Orc Monk)                 Turns: 13904, Time: 00:27:54

Health: -9/101     AC: 23    Str: 18    XL:     11   Next: 31%
Magic:  20/20      EV:  7    Int: 10    God:
Gold:   292        SH:  0    Dex: 13    Spells: 10/10 levels left

rFire    + . .     SeeInvis .   F - +0 broad axe
rCold    + . .     Gourm    .   (no shield)
rNeg     + + .     Faith    .   y - +3 plate armour {rC+}
rPois    .         Spirit   .   D - +1 helmet of Nerref {rElec rF+ rN+ Regen+}
rElec    +         Reflect  .   h - +2 cloak
rCorr    .         Harm     .   (no gloves)
MR       .....                  (no boots)
Stlth    ..........             v - amulet of the acrobat
HPRegen  0.66/turn              q - ring of positive energy
MPRegen  0.17/turn              b - ring of magical power

@: berserk cooldown, slowed, very slow
A: no striking features
a: no special abilities


You were on level 10 of the Dungeon.
You were hungry.

You visited 2 branches of the dungeon, and saw 11 of its levels.
You also visited: Bailey.

You collected 658 gold pieces.
You spent 366 gold pieces at shops.

Inventory:

Hand Weapons
 l - the +4 rapier of Responsibility {flame, *Slow rN+++ Int+5}
   (You found it on level 8 of the Dungeon)

   It has been specially enchanted to burn those struck by it, causing extra
   injury to most foes and up to half again as much damage against particularly
   susceptible opponents.
   It affects your intelligence (+5).
   It renders you almost immune to negative energy.
   It may slow you when you take damage.
 u - the +6 quarterstaff of Uncertain Death {crush, +Rage rN+}
   (You found it on level 7 of the Dungeon)

   It inflicts extra damage upon your enemies.
   It protects you from negative energy.
   It lets you go berserk.
 F - a +0 broad axe (weapon)
Armour
 h - a +2 cloak (worn)
 t - a +2 plate armour of magic resistance
 y - a +3 plate armour of cold resistance (worn)
 D - the +1 helmet of Nerref (worn) {rElec rF+ rN+ Regen+}
   (You bought it in a shop on level 10 of the Dungeon)

   It protects you from fire.
   It insulates you from electricity.
   It protects you from negative energy.
   It increases your rate of regeneration.
Jewellery
 b - a ring of magical power (right hand)
 q - a ring of positive energy (left hand)
 v - an amulet of the acrobat (around neck)
 x - an uncursed ring of magical power
Wands
 A - a wand of acid (5)
 C - a wand of paralysis (5)
Scrolls
 d - 5 scrolls of remove curse
 f - a scroll of enchant weapon
 g - 2 scrolls of amnesia
 i - 2 scrolls of fear
 p - 3 scrolls of teleportation
 s - 3 scrolls of enchant armour
Potions
 e - 4 potions of flight
 m - 2 potions of heal wounds
 n - 2 potions of invisibility
 o - a potion of lignification
 r - a potion of haste
 w - a potion of ambrosia
 B - 2 potions of curing
Comestibles
 c - 11 rations


   Skills:
 + Level 10.7 Fighting
 * Level 15.6 Axes
 + Level 9.3 Armour
 - Level 2.4 Dodging
 - Level 1.5 Stealth


You had 10 spell levels left.
You didn't know any spells.
Your spell library contained the following spells:

 Spells                   Type           Power        Failure   Level  Hunger
 Animate Skeleton         Necr           N/A          100%        1    ##.....
 Magic Dart               Conj           #...         100%        1    ##.....
 Pain                     Necr           #...         100%        1    ##.....
 Shock                    Conj/Air       #...         100%        1    ##.....
 Summon Small Mammal      Summ           #...         100%        1    ##.....
 Blink                    Tloc           N/A          100%        2    ###....
 Call Imp                 Summ           #.......     100%        2    ###....
 Slow                     Hex            #.......     100%        2    ###....
 Swiftness                Chrm/Air       #.......     100%        2    ###....
 Call Canine Familiar     Summ           #.......     100%        3    ####...
 Conjure Flame            Conj/Fire      #.......     100%        3    ####...
 Mephitic Cloud           Conj/Pois/Air  #.......     100%        3    ####...
 Regeneration             Chrm/Necr      #.........   100%        3    ####...
 Static Discharge         Conj/Air       #.......     100%        3    ####...
 Summon Guardian Golem    Hex/Summ       #.......     100%        3    ####...
 Vampiric Draining        Necr           #.........   100%        3    ####...
 Airstrike                Air            #.........   100%        4    #####..
 Animate Dead             Necr           N/A          100%        4    #####..
 Summon Ice Beast         Ice/Summ       #.......     100%        4    #####..
 Summon Lightning Spire   Summ/Air       #.......     100%        4    #####..
 Lightning Bolt           Conj/Air       #.........   100%        5    ######.


Dungeon Overview and Level Annotations

Branches:
Dungeon (10/15)            Temple (1/1) D:7          Bailey (visited)
   Lair: D:8-11         Orc: D:9-12

Altars:
Ashenzari
Cheibriados
Dithmenos
Elyvilon
Fedhas
Gozag
Hepliaklqana
Kikubaaqudgha
Makhleb
Nemelex Xobeh
Okawaru
Qazlal
Ru
Sif Muna
Trog
Uskayaw
Vehumet
Wu Jian
Xom
Yredelemnul
Zin
The Shining One

Shops:
D:4 !   D:5 [   D:10 [

Annotations:
D:2 2 transporters
D:10 Snorg


Message History

Snorg barely misses you. Snorg claws you but does no damage. Snorg claws you.
* * * LOW HITPOINT WARNING * * *
You closely miss Snorg.
Snorg is severely wounded.
Unknown command.
You are too berserk!
You slice Snorg!!
Snorg is almost dead.
Snorg barely misses you. Snorg closely misses you.
Snorg claws you but does no damage.
You barely miss Snorg.
Snorg is almost dead.
Snorg closely misses you. Snorg barely misses you.
Snorg claws you but does no damage.
You hit Snorg.
Snorg is almost dead.
You are no longer berserk.
You are exhausted.
You feel yourself slow down. Snorg bites you!!
You die...

#.......#..#.....#
#....
#########..#.....+
#.... #..#.....#
.... # #..#.....#
.. #####....##
⌠..+###........+
.≈.............#
≈..............#
#....†@.......#
.>....T#+#######
.#..... +.....
....... .......
#######


You could see Snorg (berserk).

Vanquished Creatures
  3 two-headed ogres
  An unseen horror (D:10)
  Pikel (D:9)
  An orc knight (Bailey)
  A hippogriff (D:7)
  Eustachio (D:4)
  Duvessa (D:7)
  3 porcupines (D:10)
  A sky beast (D:5)
  2 ice beasts
  2 slaves (D:9)
  2 black bears
  8 orc warriors
  A phantom (D:9)
  2 necrophages
  5 ogres
  2 centaurs
  A big kobold (D:8)
  4 bullfrogs
  Dowan (D:7)
  A water moccasin zombie (D:7)
  6 scorpions
  A wyvern skeleton (D:5)
  17 killer bees
  5 crimson imps
  A howler monkey (D:6)
  A quasit (D:8)
  A centaur zombie (D:7)
  2 orc priests
  A bullfrog skeleton (D:2)
  6 orc wizards
  An iguana (D:3)
  8 worker ants
  3 hound skeletons
  7 adders
  A shadow imp (D:6)
  An ooze (D:1)
  A worm (D:7)
  4 dart slugs
  4 leopard geckos
  25 orcs
  6 giant cockroaches
  13 goblins
  8 hobgoblins
  7 jackals
  5 quokkas
  4 ball pythons
  11 bats
  3 frilled lizards
  22 kobolds
  3 quokka skeletons
  8 rats
230 creatures vanquished.

Vanquished Creatures (others)
  An orc warrior (Bailey)
1 creature vanquished.

Grand Total: 231 creatures vanquished

Notes
Turn   | Place    | Note
-------+----------+-------------------------------------------
     0 | D:1      | RedPan the Hill Orc Monk began the quest for the Orb.
     0 | D:1      | Reached XP level 1. HP: 19/19 MP: 1/1
   281 | D:1      | Reached XP level 2. HP: 6/26 MP: 2/2
   736 | D:1      | Reached skill level 5 in Axes
  1340 | D:2      | Reached XP level 3. HP: 31/31 MP: 3/3
  1411 | D:2      | Noticed a fire elemental
  1413 | D:2      | Found a stormy altar of Qazlal.
  1414 | D:2      | Noticed an air elemental
  1414 | D:2      | Noticed a water elemental
  1414 | D:2      | Noticed an earth elemental
  1499 | D:2      | Reached skill level 6 in Axes
  1499 | D:2      | Reached skill level 1 in Armour
  1499 | D:2      | Reached XP level 4. HP: 38/40 MP: 4/4
  1580 | D:2      | Found a transporter.
  1580 | D:2      | Noticed a phantom
  1585 | D:2      | Found a shimmering blue altar of Sif Muna.
  1585 | D:2      | Noticed a bullfrog
  1585 | D:2      | Noticed a centaur
  1598 | D:2      | Found a shadowy altar of Dithmenos.
  1609 | D:2      | Found an ancient bone altar of Kikubaaqudgha.
  1971 | D:2      | Found a transporter.
  2449 | D:3      | Reached XP level 5. HP: 34/46 MP: 5/5
  3223 | D:3      | Noticed an ogre
  3236 | D:3      | Killed an ogre
  3236 | D:3      | Reached skill level 7 in Axes
  3236 | D:3      | Reached XP level 6. HP: 45/53 MP: 6/6
  4011 | D:4      | Reached skill level 5 in Fighting
  4378 | D:4      | Found Akys's Distillery.
  4383 | D:4      | Bought a potion of might for 40 gold pieces
  4383 | D:4      | Bought a potion of heal wounds for 50 gold pieces
  4383 | D:4      | Bought a potion of degeneration for 10 gold pieces
  4640 | D:4      | Noticed Eustachio
  4665 | D:4      | Killed Eustachio
  4665 | D:4      | Reached skill level 8 in Axes
  4665 | D:4      | Reached XP level 7. HP: 29/61 MP: 7/7
  4916 | D:5      | Entered Level 5 of the Dungeon
  5057 | D:5      | Reached skill level 9 in Axes
  5270 | D:5      | Found Edeefir's Armour Shoppe.
  5523 | D:5      | Found a hide-covered altar of Uskayaw.
  5524 | D:5      | Noticed a +0 dagger
  5524 | D:5      | Noticed a +0 hand axe
  5581 | D:5      | Reached XP level 8. HP: 34/70 MP: 8/8
  6464 | D:6      | Reached skill level 10 in Axes
  6730 | D:6      | Reached skill level 5 in Armour
  7193 | D:7      | Noticed Dowan
  7193 | D:7      | Noticed Duvessa
  7228 | D:7      | Killed Duvessa
  7228 | D:7      | Reached skill level 11 in Axes
  7246 | D:7      | Killed Dowan
  7246 | D:7      | Reached XP level 9. HP: 28/79 MP: 9/9
  7684 | D:7      | Found a snail-covered altar of Cheibriados.
  8667 | D:7      | Reached skill level 12 in Axes
  9001 | D:7      | Found a staircase to the Ecumenical Temple.
  9026 | Temple   | Entered the Ecumenical Temple
  9187 | D:7      | Got a dazzling quarterstaff
  9188 | D:7      | Identified the +6 quarterstaff of Uncertain Death {crush,
                  | +Rage rN+} (You found it on level 7 of the Dungeon)
 10153 | D:8      | Found a sparkling altar of Nemelex Xobeh.
 10559 | D:8      | Reached skill level 13 in Axes
 10593 | D:8      | Reached XP level 10. HP: 53/90 MP: 10/10
 10970 | D:8      | Noticed a two-headed ogre
 10991 | D:8      | Killed a two-headed ogre
 11210 | D:8      | Got a jewelled rapier
 11211 | D:8      | Identified the +4 rapier of Responsibility {flame, *Slow
                  | rN+++ Int+5} (You found it on level 8 of the Dungeon)
 11673 | D:9      | Reached skill level 14 in Axes
 11733 | D:9      | Noticed a two-headed ogre
 11753 | D:9      | Killed a two-headed ogre
 12083 | D:9      | Noticed a two-headed ogre
 12104 | D:9      | Killed a two-headed ogre
 12104 | D:9      | Reached skill level 10 in Fighting
 12694 | D:9      | Noticed Pikel
 12717 | D:9      | Killed Pikel
 12717 | D:9      | Reached XP level 11. HP: 65/100 MP: 11/11
 12904 | D:10     | Entered Level 10 of the Dungeon
 12911 | D:10     | Reached skill level 15 in Axes
 12933 | D:10     | Found Lougiosu's Antique Armour Boutique.
 12936 | D:10     | Bought a crude helmet for 266 gold pieces
 12946 | D:10     | Identified the +1 helmet of Nerref {rElec rF+ rN+ Regen+}
                  | (You bought it in a shop on level 10 of the Dungeon)
 12969 | D:10     | Found a flagged portal.
 12990 | Bailey   | Entered a bailey
 12996 | Bailey   | Noticed an orc knight
 13197 | Bailey   | Killed an orc knight
 13767 | D:10     | Killed an unseen horror
 13877 | D:10     | Noticed Snorg
 13904 | D:10     | Mangled by Snorg

Levels and vault maps discovered:
D:1:      minmay_arrival_wavy_path, layout_basic, serial_forest,
          infiniplex_forest_end_double, infiniplex_forest_end_2,
          infiniplex_forest_lined_room_3, infiniplex_forest_clump_large,
          infiniplex_forest_clump_diagonal
D:2:      layout_basic, gammafunk_temple_overflow_arena,
          nicolae_qazlal_style_of_elements
D:3:      layout_loops_cross
D:4:      layout_rooms, serial_shops, shop, uniq_eustachio
D:5:      layout_loops_ring, dancing_weapons_uskayaw, first_ration,
          serial_shops, nicolae_shop_stone
D:6:      layout_cave_pools
D:7:      layout_cave_pods, slow_altar_1, minmay_temple_entry_wispy,
          corexii_item_surrounded_by_moat, uniq_duvessa
D:8:      layout_loops_ring, nemelex_xobeh_ov_fountains_minmay, david_nohive_1
D:9:      layout_gridville, uniq_pikel
D:10:     layout_gridville, grunt_lair_entry_orc_guard_hut, enter_bailey_3,
          serial_shops, nicolae_shop_behind_doors, nicolae_shop_behind_doors,
          minmay_guarded_unrand_variability, uniq_snorg
Temple:   nicolae_temple_elliptical

Skill      XL: |  1  2  3  4  5  6  7  8  9 10 11 |
---------------+----------------------------------+-----
Axes           | 5 6 7 8 9 11 13 14 15 | 15.6
Fighting       | 4 5 6 7 8 10 | 10.7
Armour         | 1 2 3 4 5 7 8 9 |  9.3
Dodging        | |  2.4
Stealth        | |  1.5

Action                   |  1- 3 |  4- 6 |  7- 9 | 10-12 || total
-------------------------+-------+-------+-------+-------++-------
Melee: Hand axe          |    86 |   232 |   176 |       ||   494
       War axe           |       |       |   325 |   256 ||   581
       Quarterstaff      |       |       |     3 |       ||     3
       Broad axe         |       |       |       |    63 ||    63
  Use: Scroll            |     2 |    10 |     6 |     1 ||    19
       Potion            |       |     3 |     7 |     8 ||    18
 Stab: Sleeping          |     5 |     3 |       |       ||     8
       Invisible         |       |       |       |    19 ||    19
  Eat: Chunk             |     2 |     6 |    13 |     3 ||    24
       Ration            |       |     1 |     2 |     2 ||     5
Armor: Robe              |    15 |    12 |       |       ||    27
       Ring mail         |       |    13 |       |       ||    13
       Scale mail        |       |    25 |   177 |       ||   202
       Plate armour      |       |       |    84 |   218 ||   302
Dodge: Dodged            |    68 |   124 |   222 |   266 ||   680

Table legend:
 A = Non-vault XP
 B = Vault XP
 C = Vault XP percentage of total XP
 D = Non-vault monster count
 E = Vault monster count
 F = Vault count percentage of total count
                 A         B        C        D         E       F
            +---------+---------+-------+---------+---------+-------
      Total |    8373 |    3746 |  30.9 |     178 |      50 |  21.9
            +---------+---------+-------+---------+---------+-------
        D:1 |      32 |       0 |   0.0 |      18 |       0 |   0.0
        D:2 |     121 |       0 |   0.0 |      26 |       0 |   0.0
        D:3 |     196 |       0 |   0.0 |      19 |       0 |   0.0
        D:4 |     224 |     208 |  48.1 |      12 |       1 |   7.7
        D:5 |     669 |       0 |   0.0 |      19 |       0 |   0.0
        D:6 |     737 |       0 |   0.0 |      17 |       0 |   0.0
        D:7 |    1408 |     225 |  13.8 |      29 |       3 |   9.4
        D:8 |    1595 |     810 |  33.7 |      20 |      13 |  39.4
        D:9 |    2404 |     629 |  20.7 |      13 |       1 |   7.1
       D:10 |     987 |     511 |  34.1 |       5 |       8 |  61.5
     Bailey |       0 |    1363 | 100.0 |       0 |      24 | 100.0
            +---------+---------+-------+---------+---------+-------
